 Dungeon Crawl Stone Soup version 0.18.1-50-g88ac8fd (webtiles) character file.

571 varam the Sneak (level 7, -1/35 HPs)
             Began as a Spriggan Abyssal Knight on Oct 3, 2016.
             Was a Priest of Lugonu.
             Slain by an orc priest
             ... wielding a +0 short sword
              (5 damage)
             ... on level 4 of the Dungeon.
             The game lasted 00:15:11 (5162 turns).

varam the Sneak (Spriggan Abyssal Knight)           Turns: 5162, Time: 00:15:12

Health: -1/35      AC:  3    Str:  8    XL:     7   Next: 11%
Magic:  11/11      EV: 19    Int: 13    God:    Lugonu [***...]
Gold:   251        SH:  3    Dex: 18    Spells: 0 memorised, 6 levels left

rFire  . . .     SeeInvis +     a - +1 short sword
rCold  . . .     Gourm    .     b - +0 robe
rNeg   . . .     Faith    .     (shield restricted)
rPois  .         Spirit   .     (helmet restricted)
rElec  .         Dismiss  .     e - +0 cloak
rCorr  +         Reflect  +     (gloves unavailable)
SustAt .         Harm     .     (boots unavailable)
MR     +....                    q - +3 amulet of reflection
Stlth  ++++......               (no ring)
                                i - ring of resist corrosion

@: very quick, somewhat resistant to hostile enchantments, stealthy
A: unfitting armour, see invisible, herbivore 3, speed 3, slow metabolism 2
a: Depart the Abyss, Bend Space, Banish, Renounce Religion


You were on level 4 of the Dungeon.
You worshipped Lugonu.
Lugonu was most pleased with you.
You were not hungry.

You visited 1 branch of the dungeon, and saw 5 of its levels.
You visited the Abyss 1 time.

You collected 251 gold pieces.

Inventory:

Hand Weapons
 a - a +1 short sword (weapon)
 o - a +0 quarterstaff of draining
Missiles
 l - a tomahawk (quivered)
 s - 3 javelins
Armour
 b - a +0 robe (worn)
 e - a +0 cloak (worn)
Jewellery
 i - a ring of resist corrosion (left hand)
 q - a +3 amulet of reflection (around neck)
Wands
 h - a wand of flame (6/48)
Scrolls
 f - 2 scrolls of magic mapping {unknown}
 g - 4 scrolls of identify {unknown}
 j - a scroll of noise {unknown}
 k - 2 scrolls of remove curse {unknown}
 m - a scroll of enchant weapon {unknown}
 r - a scroll of blinking {unknown}
 t - a scroll of fear {unknown}
Potions
 d - a potion of berserk rage {unknown}
 n - 4 potions of curing {unknown}
 p - a potion of invisibility {unknown}
 u - 2 potions of flight {unknown}
Comestibles
 c - 2 bread rations
 v - 5 fruits


   Skills:
 - Level 2.4 Fighting
 - Level 5.2 Short Blades
 - Level 3.5 Dodging
 + Level 6.6 Stealth
 - Level 4.5 Invocations


You had 6 spell levels left.
You didn't know any spells.

Dungeon Overview and Level Annotations

Branches:
Dungeon (5/15)
 Temple: D:4-7

Altars:
Dithmenos

Annotations:
D:3 Grinder


Innate Abilities, Weirdness & Mutations

You are tiny and cannot use many weapons and most armour.
You have supernaturally acute eyesight.
You are a herbivore.
You cover ground extremely quickly.
You need consume almost no food.


Message History

You hit the orc priest.
The orc priest is heavily wounded.
You hit the orc priest.
The orc priest is heavily wounded.
The orc priest completely misses you.
You hit the orc priest but do no damage.
The orc priest is heavily wounded.
The orc priest mumbles some strange prayers to Beogh against you.
Beogh smites you!
* * * LOW HITPOINT WARNING * * *
You are too injured to fight recklessly!
You hit the orc priest.
The orc priest is severely wounded.
The orc priest casts a cantrip, but nothing happens.
You hit the orc priest.
The orc priest is almost dead.
You hit the orc priest but do no damage.
The orc priest is almost dead.
The orc priest hits you with a short sword.
You die...

###.###
#.##########
#...........
####....######
#.........#
#....####.#
#....####.#
###.###...#
#.# #@### #.#
#oo...... #.#
######### #.#
###'##########
#...†........#
#....#######.#
#....# #.##.#
#....# #....#


You could see an orc priest and an orc.

Vanquished Creatures
  2 ogres
  A giant frog skeleton (D:5)
  A gnoll shaman (D:5)
  An orc priest (D:4)
  Jessica (D:2)
  Terence (D:3)
  An orc wizard (D:4)
  A worker ant (D:5)
  6 gnolls
  7 adders
  2 adder skeletons (D:4)
  5 worms
  A dart slug (D:2)
  A giant gecko (D:1)
  2 orcs (D:4)
  2 ball pythons (D:2)
  12 bats
  4 giant cockroaches
  4 goblins
  5 hobgoblins
  10 jackals
  A quokka (D:2)
  2 giant newts
  A jackal skeleton (D:4)
  6 kobolds
  4 rats
84 creatures vanquished.

Vanquished Creatures (others)
  4 starspawn tentacles (Abyss:1)
  50 starspawn tentacle segments (Abyss:1)
54 creatures vanquished.

Grand Total: 138 creatures vanquished

Notes
Turn   | Place    | Note
--------------------------------------------------------------
     0 | Abyss:1  | varam the Spriggan Abyssal Knight began the quest for the Orb.
     0 | Abyss:1  | Reached XP level 1. HP: 11/11 MP: 3/3
    23 | Abyss:1  | Found a corrupted altar of Lugonu.
    40 | Abyss:1  | Found a corrupted altar of Lugonu.
   112 | Abyss:1  | Noticed a small abomination
   140 | Abyss:1  | Noticed a stone giant zombie
   143 | Abyss:1  | Noticed a tentacled starspawn
   179 | Abyss:1  | Noticed a red devil
   224 | D:1      | Escaped the Abyss
   512 | D:1      | Reached skill level 1 in Stealth
   515 | D:1      | Reached * piety under Lugonu
   815 | D:1      | Reached XP level 2. HP: 13/16 MP: 4/4
  1325 | D:2      | Reached skill level 2 in Stealth
  1708 | D:2      | Reached XP level 3. HP: 19/19 MP: 5/5
  1970 | D:2      | Noticed Jessica
  1983 | D:2      | Killed Jessica
  1983 | D:2      | Reached skill level 3 in Stealth
  1983 | D:2      | Reached XP level 4. HP: 20/23 MP: 7/7
  2013 | D:2      | Found a shadowy altar of Dithmenos.
  2995 | D:2      | Reached skill level 4 in Stealth
  3062 | D:2      | Reached XP level 5. HP: 19/27 MP: 8/8
  3142 | D:2      | Reached ** piety under Lugonu
  3688 | D:3      | Noticed Grinder
  3693 | D:3      | Noticed Terence
  3753 | D:3      | Killed Terence
  4099 | D:4      | Noticed an ogre
  4106 | D:4      | Killed an ogre
  4106 | D:4      | Reached skill level 5 in Stealth
  4106 | D:4      | Reached XP level 6. HP: 16/32 MP: 9/9
  4413 | D:5      | Entered Level 5 of the Dungeon
  4819 | D:5      | Reached skill level 5 in Short Blades
  4845 | D:5      | Noticed a sky beast
  5101 | D:4      | Reached *** piety under Lugonu
  5101 | D:4      | Reached XP level 7. HP: 35/35 MP: 11/11
  5148 | D:4      | Reached skill level 6 in Stealth
  5162 | D:4      | Slain by an orc priest

Skill      XL: |  1  2  3  4  5  6  7 |
---------------+----------------------+-----
Stealth        | 1 2 3 4 5 6 |  6.6
Invocations    | 2 3 4 |  4.5
Short Blades   | 3 4 5 |  5.2
Fighting       | |  2.4
Dodging        | |  3.5

Action                   |  1- 3 |  4- 6 |  7- 9 || total
-------------------------+-------+-------+-------++-------
Melee: Short sword       |    95 |   235 |    17 ||   347
       Quarterstaff      |       |     4 |       ||     4
Throw: Tomahawk          |     5 |    38 |       ||    43
Invok: Depart the Abyss  |     1 |       |       ||     1
       Bend Space        |       |     1 |       ||     1
Evoke: Wand              |       |     6 |       ||     6
  Use: Potion            |     2 |       |       ||     2
 Stab: Sleeping          |     3 |    13 |     2 ||    18
       Distracted        |       |       |     1 ||     1
  Eat: Bread ration      |       |     1 |       ||     1
Armor: Robe              |    12 |    16 |       ||    28
Dodge: Dodged            |    77 |   167 |     4 ||   248
Block: Other             |       |     9 |       ||     9
